 Dungeon Crawl Stone Soup version 0.28.0-1-gb440e238dd (webtiles) character file.

Game seed: 17520286504959545412

65 Descartes the Scratcher (level 3, -2/16 HPs)
             Began as a Felid Transmuter on Feb 27, 2022.
             Slain by a goblin (5 damage)
             ... on level 3 of the Dungeon.
             The game lasted 00:06:21 (4205 turns).

Descartes the Scratcher (Felid Transmuter)          Turns: 4205, Time: 00:06:21

Health: -2/16      AC:  1    Str:  8    XL:     3   Next: 94%
Magic:  7/7        EV: 18    Int: 14    God:
Gold:   59         SH:  0    Dex: 16    Spells: 3/6 levels left
                                        Lives:  0   Deaths: 1

rFire   . . .      SeeInvis +     - Unarmed
rCold   . . .      Faith    .   (shield unavailable)
rNeg    . . .      Spirit   .   (armour unavailable)
rPois   .          Reflect  .   (helmet unavailable)
rElec   .          Harm     .   (cloak unavailable)
rCorr   .          Rampage  .   (gloves unavailable)
Will    .....                   (boots unavailable)
Stlth   ++........              (no amulet)
HPRegen 0.05/turn               i - ring of wizardry
MPRegen 0.10/turn               (no ring)

@: quick
A: very small, claws 1, fangs 3, see invisible, speed 1, shaggy fur 1, stealthy
paws, no weapons or thrown items, no armour, multi-lived
a: no special abilities


You were on level 3 of the Dungeon.
You visited 1 branch of the dungeon, and saw 3 of its levels.

You collected 59 gold pieces.

Inventory:

Missiles
 m - 61 stones
Jewellery
 i - a ring of wizardry (left paw)
Scrolls
 b - a scroll of enchant weapon {unknown}
 d - a scroll of blinking {unknown}
 e - 3 scrolls of identify {unknown}
 f - a scroll of silence {unknown}
 g - a scroll of fear {unknown}
 n - a scroll of vulnerability {unknown}
Potions
 a - a potion of degeneration {unknown}
 c - a potion of curing {unknown}
 h - a potion of heal wounds {unknown}
 j - a potion of mutation {unknown}
 k - a potion of invisibility {unknown}
 l - a potion of attraction {unknown}
 o - 2 potions of resistance {unknown}


   Skills:
 + Level 1.7 Fighting
 + Level 3.4 Dodging
 * Level 2.9 Stealth
 * Level 3.7 Unarmed Combat
 + Level 2.3 Spellcasting
 + Level 1.7 Translocations
 + Level 2.8 Transmutations


You had 3 spell levels left.
You knew the following spells:

 Your Spells              Type           Power      Damage    Failure   Level
a - Beastly Appendage     Tmut           18%        N/A       3%          1
b - Blink                 Tloc           12%        N/A       7%          2

Your spell library contained the following spells:

 Spells                   Type           Power      Damage    Failure   Level
 Wereblood                Tmut           9%         N/A       4%          2
 Spider Form              Tmut/Pois      5%         N/A       16%         3
 Ice Form                 Ice/Tmut       5%         N/A       45%         4
 Manifold Assault         Tloc           6%         N/A       73%         5
 Storm Form               Tmut/Air       2%         N/A       100%        7


Dungeon Overview and Level Annotations

Branches:
Dungeon (3/15)

Altars:
Makhleb

Shops:
D:2 (?


Innate Abilities, Weirdness & Mutations

You have sharp claws.
You have razor-sharp teeth.
You have supernaturally acute eyesight. (SInv)
You cover ground quickly. (Speed+)
You are covered in fur. (AC +1)
Your paws help you pounce on unaware monsters.
You are incapable of wielding weapons or throwing items.
You cannot wear armour.
You gain extra lives every three experience levels.


Message History

You kill the ball python!
No target in view!
Your transformation is almost over.
Your horns disappear.
A giant cockroach comes into view.
Casting: Beastly Appendage (safe; 3% risk of failure)
Confirm with . or Enter, or press ? or * to list all spells.
You grow a pair of large bovine horns.
The giant cockroach completely misses you.
You barely miss the giant cockroach.
The giant cockroach completely misses you.
You scratch the giant cockroach but do no damage.
The giant cockroach barely misses you.
You scratch the giant cockroach. You bite the giant cockroach.
You kill the giant cockroach!
Your transformation is almost over.
No target in view!
Your horns disappear.
A goblin and an orc come into view.
The goblin shouts!
You hear a shout!
An orc comes into view. It is wielding a +0 whip.
The orc shouts!
You hear a shout!
The orc shouts!
The orc shouts!
You see here a +0 club.
There is a stone staircase leading up, spattered with blood here.
The orc hits you from afar with a +0 trident!
The orc completely misses you.
You climb upwards.
There is a stone staircase leading down here.
HP restored.
Done exploring.
You climb downwards.
The orc barely misses you. The orc completely misses you.
The orc hits you with a +0 short sword. The orc hits you with a +0 falchion.
The orc barely misses you.
There is a stone staircase leading up, spattered with blood here.
The orc hits you with a +0 whip. The orc hits you with a +0 short sword.
* * * LOW HITPOINT WARNING * * *
The orc closely misses you. The goblin hits you with a +3 dagger.
You die...

#......####...............#
#####.##..#######..####.####.#
#............## ##.##.....##.#
#.............###..#.......#.#
#.........o....##..#.......#.#
#.....o........#......._.....#
#............)...#.#.......#.#
#...........ogo###.#.......#.#
#........(...@o# #.##.....##.#
#...........o.####.####.####.#
#............................#
#####..........##........#####
#..........###########
#..........# #..........#
##........## ##......##


You could see an orc priest (wandering), 5 orcs and a goblin.

Vanquished Creatures
  A hound (D:2)
  Jessica (D:3)
  An adder (D:3)
  2 worms (D:2)
  A dart slug (D:2)
  4 bats
  4 endoplasms
  3 giant cockroaches
  5 goblins
  5 hobgoblins
  9 kobolds
  2 quokkas (D:1)
  6 ball pythons
  4 frilled lizards
  4 rats
52 creatures vanquished.

Notes
Turn   | Place    | Note
-------+----------+-------------------------------------------
     0 | D:1      | Descartes the Felid Transmuter began the quest for the Orb.
     0 | D:1      | Reached XP level 1. HP: 9/9 MP: 4/4
   190 | D:1      | Reached skill level 1 in Stealth
   212 | D:1      | Reached XP level 2. HP: 12/12 MP: 3/6
  1213 | D:2      | Found Winloim's Magic Scroll Shoppe.
  1230 | D:2      | Reached XP level 3. HP: 12/15 MP: 5/7
  1504 | D:2      | Found a faded altar of an unknown god.
  1920 | D:2      | Reached skill level 1 in Translocations
  1920 | D:2      | Reached XP level 4. HP: 18/19 MP: 6/8
  2204 | D:2      | Found Alitet Ceem's Antique Weapon Shop.
  2625 | D:3      | Learned a level 2 spell: Blink
  2935 | D:3      | Noticed Jessica
  2980 | D:3      | Killed Jessica
  3544 | D:3      | Slain by a kobold
  3545 | D:3      | Reached XP level 3. HP: -1/16 MP: 7/7
  3832 | D:3      | Found a burning altar of Makhleb.
  4205 | D:3      | Slain by a goblin

Illustrated notes

Levels and vault maps discovered:
D:1:      dpeg_arrival_windows_large_door, layout_loops_ring, st_stairs_2,
          minivault_27, hex_large, minmay_split_cup_small
D:2:      layout_basic, serial_shops, shop_statue, shop,
          shapermc_ecumenical_altar_mp_highgroup
D:3:      layout_rooms, old_standard_altar, kennysheep_generic_room_5,
          uniq_jessica

Skill      XL: |  1  2  3 |
---------------+----------+-----
Stealth        | 1 2 |  2.9
Dodging        | 3 |  3.4
Translocations | 1 |  1.7
Fighting       | |  1.7
Unarmed Combat | |  3.7
Spellcasting   | |  2.3
Transmutations | |  2.8

Action                   |  1- 3 |  4- 6 || total
-------------------------+-------+-------++-------
Melee: Unarmed           |    76 |    27 ||   103
       Headbutt          |    12 |     7 ||    19
       Bite              |     5 |     1 ||     6
       Punch             |       |     2 ||     2
 Cast: Beastly Appendage |    35 |    12 ||    47
 Stab: Sleeping          |     4 |     2 ||     6
Armor: Skin              |     3 |       ||     3
Dodge: Dodged            |    60 |    24 ||    84
